 Dungeon Crawl Stone Soup version 0.32-a0-664-gf59354a (webtiles) character file.

Game seed: 888808815529073126

167080 KeepCalm the Impaler (level 17, -2/247 HPs)
             Began as a Minotaur Berserker on Mar 9, 2024.
             Was the Champion of Trog.
             Slain by a naga warrior
             ... wielding a +0 mace
              (18 damage)
             ... on level 4 of the Snake Pit.
             The game lasted 01:02:30 (31727 turns).

KeepCalm the Impaler (Minotaur Berserker)          Turns: 31727, Time: 01:02:31

Health: -2/247     AC: 18    Str: 32    XL:     17   Next: 11%
Magic:  0/16       EV:  9    Int:  4    God:    Trog [******]
Gold:   1895       SH:  0    Dex: 14    Spells: 16/16 levels left

rFire   + + +        a - +5 scythe "Finisher" {speed, execute}
rCold   . . .        (shield currently unavailable)
rNeg    + + .        z - +1 leather armour {rPois}
rPois   +            G - +2 hat
rElec   .            Y - +0 cloak
rCorr   +            p - +1 pair of gloves
SInv    .            S - +4 pair of boots of Juesoirr {*Slow rN++ Regen+ Str+3 Stlth+}
Will    ++...        d - amulet of guardian spirit Stlth
                     Q - ring "Mixietif" {rF+ Will+ rCorr}
HPRegen 1.41/turn    R - ring of Otoit {Wiz ^Drain rF+++ Dex+3 Slay+5}
MPRegen 0.15/turn

%: slow self (1%), guardian spirit, wizardry (x1)
@: berserking, lethally poisoned (-2 -> -4), slowed, constricted, studying
Stealth
A: horns 2, retaliatory headbutt
a: Renounce Religion, Berserk, Trog's Hand, Brothers in Arms


You were on level 4 of the Snake Pit.
You worshipped Trog.
Trog was exalted by your worship.
You visited 4 branches of the dungeon, and saw 26 of its levels.
You also visited: Sewer, Ossuary, Gauntlet, Ice Cave and Volcano.

You collected 3243 gold pieces.
You spent 1348 gold pieces at shops.

Inventory:

Hand Weapons
 a - the +5 scythe "Finisher" (weapon) {speed, execute}
   (You found it on level 8 of the Dungeon)
Missiles
 b - 8 silver javelins
 T - 2 javelins
 U - a curare-tipped dart
 X - a throwing net
Armour
 p - a +1 pair of gloves (worn)
 z - a +1 leather armour of poison resistance (worn)
 B - a +0 crystal plate armour of cold resistance
 F - the +10 plate armour of Impressiveness {Int+5}
   (You took it off a minotaur in a Gauntlet)

   Int+5:     It affects your intelligence (+5).
 G - a +2 hat (worn)
 S - the +4 pair of boots of Juesoirr (worn) {*Slow rN++ Regen+ Str+3 Stlth+}
   (You found it on level 15 of the Dungeon)

   Str+3:     It affects your strength (+3).
   rN++:      It greatly protects you from negative energy.
   Regen+:    It increases your rate of health regeneration.
   *Slow:     It may slow you when you take damage.
   Stlth+:    It makes you more stealthy.
 Y - a +0 cloak (worn)
Jewellery
 d - an amulet of guardian spirit (around neck)
 r - a ring of protection from cold
 Q - the ring "Mixietif" (left hand) {rF+ Will+ rCorr}
   (You found it in a Gauntlet)

   [ring of protection from fire]

   rF+:       It protects you from fire.
   Will+:     It increases your willpower.
   rCorr:     It protects you from acid and corrosion.
 R - the ring of Otoit (right hand) {Wiz ^Drain rF+++ Dex+3 Slay+5}
   (You found it in a Gauntlet)

   [ring of wizardry]

   Wiz:       It improves your spell success rate.
   Dex+3:     It affects your dexterity (+3).
   Slay+5:    It affects your accuracy & damage with ranged weapons and melee
   (+5).
   rF+++:     It renders you almost immune to fire.
   ^Drain:    It drains your maximum health when unequipped.
 V - a ring of see invisible
Wands
 u - a wand of quicksilver (10) (quivered)
 W - a wand of warping (21)
Scrolls
 c - 11 scrolls of teleportation
 h - 4 scrolls of brand weapon
 i - 2 scrolls of fog
 k - 3 scrolls of fear
 l - 6 scrolls of poison
 n - 5 scrolls of enchant armour
 o - 8 scrolls of immolation
 v - 5 scrolls of blinking
 x - 4 scrolls of revelation
 y - a scroll of vulnerability
 K - a scroll of acquirement
 M - 2 scrolls of silence
 O - 4 scrolls of enchant weapon
 Z - a scroll of summoning
Potions
 e - 5 potions of berserk rage
 f - 10 potions of curing
 g - a potion of ambrosia
 j - 3 potions of might
 m - 7 potions of heal wounds
 q - 2 potions of invisibility
 s - 3 potions of enlightenment
 t - 4 potions of lignification
 w - 2 potions of magic
 A - 6 potions of mutation
 C - 5 potions of resistance
 E - 4 potions of haste
 H - a potion of cancellation
 N - 6 potions of attraction
Miscellaneous
 J - a phantom mirror


   Skills:
 + Level 18.2 Fighting
 - Level 10.9(17.1) Axes
 * Level 20.7(21.6) Polearms
 + Level 16.6 Armour
 + Level 15.4 Dodging
 - Level 2.7 Shields


You had 16 spell levels left.
You didn't know any spells.
Your spell library contained the following spells:

 Spells                   Type           Power      Damage    Failure   Level
 Foxfire                  Conj/Fire      0%         2x1d4     24%         1
 Magic Dart               Conj           0%         1d3       24%         1
 Slow                     Hex            0%         N/A       24%         1
 Summon Small Mammal      Summ           0%         N/A       24%         1
 Blink                    Tloc           0%         N/A       34%         2
 Call Imp                 Summ           0%         N/A       34%         2
 Ensorcelled Hibernation  Hex/Ice        0%         N/A       34%         2
 Lesser Beckoning         Tloc           0%         N/A       34%         2
 Momentum Strike          Conj/Tloc      0%         3d8       34%         2
 Scorch                   Fire           0%         2d5       34%         2
 Searing Ray              Conj           0%         2d4       34%         2
 Call Canine Familiar     Summ           0%         N/A       56%         3
 Confusing Touch          Hex            0%         N/A       56%         3
 Dazzling Flash           Conj/Hex       0%         N/A       56%         3
 Frozen Ramparts          Ice            0%         1d1       56%         3
 Fugue of the Fallen      Necr           0%         N/A       56%         3
 Gell's Gravitas          Tloc           0%         N/A       56%         3
 Ozocubu's Armour         Ice            0%         N/A       56%         3
 Sigil of Binding         Hex            0%         N/A       56%         3
 Teleport Other           Tloc           0%         N/A       56%         3
 Vampiric Draining        Necr           0%         2d6       56%         3
 Volatile Blastmotes      Fire/Tloc      0%         2d10      56%         3
 Animate Dead             Necr           0%         N/A       91%         4
 Flame Wave               Conj/Fire      0%         2d4       91%         4
 Fulminant Prism          Conj/Alch      0%         3d5       91%         4
 Leda's Liquefaction      Alch/Erth      0%         N/A       91%         4
 Manifold Assault         Tloc           0%         N/A       91%         4
 Petrify                  Alch/Erth      0%         N/A       91%         4
 Summon Blazeheart Golem  Fire/Summ      0%         N/A       91%         4
 Vhi's Electric Charge    Tloc/Air       0%         N/A       91%         4
 Arcjolt                  Conj/Air       0%         1d10      99%         5
 Borgnjor's Vile Clutch   Necr/Erth      0%         N/A       99%         5
 Freezing Cloud           Conj/Ice/Air   0%         6-21      99%         5
 Metabolic Englaciation   Hex/Ice        0%         N/A       99%         5
 Death Channel            Necr           0%         N/A       100%        6
 Plasma Beam              Fire/Air       0%         2x1d10    100%        6
 Starburst                Conj/Fire      0%         6d3       100%        6
 Summon Cactus Giant      Summ           0%         N/A       100%        6
 Maxwell's Capacitive Co  Air            0%         ∞         100%        8


Dungeon Overview and Level Annotations

Branches:
Dungeon (15/15) Zot: 24963  Temple (0/1) D:6            Lair (5/5) D:11 Zot: 25927
  Swamp (0/4) Lair:2        Snake (4/4) Lair:2 Zot: 21542   Slime (0/5) Lair:4
    Orc (2/2) D:10 Zot: 8302     Elf (0/3) Orc:2        Vaults (0/5) D:14
 Depths (0/4) D:15          Sewer (visited)         Ossuary (visited)
  IceCv (visited)         Volcano (visited)         Gauntlet (visited)

Altars:
Fedhas
Hepliaklqana
Nemelex Xobeh
Wu Jian
The Shining One
Beogh

Shops:
D:5 *   D:10 (   Orc:2 (:(*   Snake:2 [

Portals:
Abyss: D:7


Innate Abilities, Weirdness & Mutations

You have a pair of horns on your head.
You reflexively headbutt those who attack you in melee.


Message History

You kill the naga sharpshooter!
Trog accepts your kill.
Trog appreciates your killing of a magic user.
You feel very sick.
You hear a shout! x4
The naga hits you with a +0 trident!
* * * LOW HITPOINT WARNING * * *
The naga hits you with a +0 scimitar!!
* * * LOW HITPOINT WARNING * * *
The naga constricts you.
You take 44 HP, and have [45/247] HP; You lose 3MP, and have [4/16] MP You completely miss the naga warrior.
Your headbutt misses the naga warrior.
You feel sick. The naga barely misses you.
The naga sharpshooter shoots an arrow.
The arrow hits you.
* * * LOW HITPOINT WARNING * * *
The naga mage casts a spell at the naga sharpshooter.
The naga sharpshooter's venom grows more potent.
You take 5 HP, and have [40/247] HP; You lose 1MP, and have [3/16] MP You closely miss the naga sharpshooter.
Your headbutt misses the naga sharpshooter.
The naga sharpshooter is lightly wounded.
You feel sick.
The naga warrior hits you with a +0 mace.
* * * LOW HITPOINT WARNING * * *
The naga hits you with a +0 trident.
* * * LOW HITPOINT WARNING * * *
The naga spits poison at you. The splash of poison hits you. You resist.
* * * LOW HITPOINT WARNING * * *
The naga constricts you.
The naga hits you from afar with a +0 glaive!
* * * LOW HITPOINT WARNING * * *
The naga sharpshooter shoots an arrow.
The arrow barely misses you.
You take 24 HP, and have [16/247] HP; You lose 3MP, and have [0/16] MP The naga warrior blocks your attack.
Your headbutt misses the naga warrior.
You feel sick.
The naga mage mumbles some strange words.
The naga mage seems to speed up.
The naga warrior hits you with a +0 mace!!
You die...

.N..#N ....N. ....N
..N. ######### ..#
......))####.###..#
....S.N@NSN........
..#####NNN..#####.
#N.)#.#
........).#.#
..........#.#
............#
....##....... ....
.#...#.... ###
#.....#...#


You could see 2 naga warriors, a naga sharpshooter (strong, curare, catching
breath), 2 guardian serpents, a naga mage (fast, strong) and 3 nagas.

Vanquished Creatures
  Kirke (Lair:3)
  A nagaraja (Snake:2)
  Roxanne (D:14)
  A reaper (IceCv)
  Nessos (Orc:2)
  A minotaur (Gauntlet)
  Snorg (D:11)
  Josephine (Lair:3)
  A rakshasa (D:10)
  2 hydras
  A hell beast (Gauntlet)
  An ogre mage (D:15)
  Erolcha (D:9)
  3 catoblepae (Lair:5)
  Harold (D:11)
  7 boulder beetles
  3 centaur warriors
  A deep troll earth mage (D:15)
  9 anacondas
  13 two-headed ogres
  11 death yaks
  4 tengu warriors
  The ghost of Ehen the Protected, a novice MiFE of Gozag (D:10)
  5 orc high priests
  3 shock serpents
  4 naga sharpshooters
  3 naga warriors (Snake:3)
  Amaemon (Lair:3)
  2 sea snakes (Snake:1)
  3 skysharks
  A skeletal warrior (D:7)
  A bog body (Lair:2)
  An orange crystal statue (D:10)
  5 mana vipers
  2 arcanists
  4 naga ritualists
  5 deep elf pyromancers
  2 lindwurms (Volcano)
  4 orc sorcerers
  A deep elf zephyrmancer (D:12)
  A necromancer (Lair:4)
  6 orc knights
  Maurice (D:12)
  16 ugly things
  9 manticores
  The ghost of Caterwaul the Carver, a novice CoGl (D:7)
  A wolf spider (D:15)
  2 oklob plants
  6 cyclopes
  2 salamanders
  Joseph (D:7)
  9 naga magi
  2 guardian serpents (Snake:3)
  28 black mambas
  2 ice statues (IceCv)
  3 molten gargoyles (Volcano)
  An orange demon (Lair:3)
  Maggie (D:7)
  2 unseen horrors
  4 efreet
  3 kobold demonologists
  A freezing wraith (D:14)
  10 cane toads
  11 komodo dragons
  7 rime drakes
  6 ice devils (IceCv)
  2 ancient zymes (D:7)
  2 tengu conjurers
  A polar bear (shapeshifter) (D:9)
  4 polar bears
  8 trolls
  3 hornets
  19 blink frogs
  A raiju (shapeshifter) (D:13)
  2 raiju
  7 dream sheep (Lair:5)
  7 slime creatures
  10 wyverns
  A dire elephant simulacrum (IceCv)
  3 hogs (Lair:3)
  2 vampires (D:9)
  5 spriggans
  2 shadows (D:11)
  68 yaks
  8 wraiths
  3 fire elementals (Volcano)
  3 basilisks
  Eustachio (D:4)
  4 steam dragons
  5 vampire mosquitoes
  A warg (Orc:1)
  A death yak simulacrum (IceCv)
  A harpy simulacrum (IceCv)
  31 nagas
  5 acid dragons
  A hydra simulacrum (IceCv)
  Duvessa (D:7)
  15 water moccasins
  3 hell hounds
  2 black bears
  2 ice beasts
  35 orc warriors
  2 sky beasts (D:8)
  A small abomination (D:7)
  6 laughing skulls
  3 elephant zombies (Lair:4)
  11 wolves
  5 boggarts
  12 ogres
  17 centaurs
  2 phantoms
  6 kobold brigands
  A komodo dragon zombie (Lair:4)
  20 bullfrogs
  A gnoll sergeant (D:9)
  3 earth elementals (Volcano)
  A scorpion (D:5)
  8 wights
  2 two-headed ogre simulacra (IceCv)
  Dowan (D:7)
  A troll zombie (Ossuary)
  3 elephant simulacra (IceCv)
  11 killer bees
  An electric eel (Lair:4)
  10 howler monkeys
  3 bombardier beetles
  2 lava snakes (D:10)
  A hound (D:4)
  A basilisk zombie (Lair:4)
  2 gnoll boudas
  6 jellies
  29 orc priests
  3 iguanas
  22 orc wizards
  4 troll simulacra (IceCv)
  2 hell rats
  2 spriggan simulacra (IceCv)
  A polar bear simulacrum (IceCv)
  4 ogre zombies (Ossuary)
  7 mummies (Ossuary)
  7 gnolls
  18 adders
  4 river rats (D:11)
  A shadow imp (D:7)
  A white imp (IceCv)
  9 ufetubi
  3 adder zombies (Ossuary)
  12 dart slugs
  66 orcs
  8 endoplasms
  11 giant cockroaches
  A gnoll zombie (Ossuary)
  9 goblins
  9 hobgoblins
  5 jackals
  13 kobolds
  5 quokkas
  5 ball pythons
  9 bats
  13 frilled lizards
  6 goblin zombies (Ossuary)
  7 hobgoblin zombies (Ossuary)
  A kobold zombie (Ossuary)
  5 quokka zombies (Ossuary)
  7 rats
  2 rat zombies (Ossuary)
973 creatures vanquished.

Vanquished Creatures (collateral kills)
  An orc warlord (Orc:2)
  An orc wizard (D:10)
2 creatures vanquished.

Vanquished Creatures (others)
  2 orcs
2 creatures vanquished.

Grand Total: 977 creatures vanquished

Notes
Turn   | Place    | Note
-------+----------+-------------------------------------------
     0 | D:1      | KeepCalm the Minotaur Berserker began the quest for the
                  | Orb.
     0 | D:1      | Reached XP level 1. HP: 19/19 MP: 0/0
   153 | D:1      | Reached XP level 2. HP: 27/27 MP: 1/1
   413 | D:1      | Found a faded altar of an unknown god.
   678 | D:2      | Reached XP level 3. HP: 11/33 MP: 2/2
  1138 | D:3      | Reached ** piety under Trog
  1332 | D:3      | Reached XP level 4. HP: 38/41 MP: 3/3
  1424 | D:3      | Reached skill level 5 in Axes
  1424 | D:3      | Reached XP level 5. HP: 39/47 MP: 2/4
  1714 | D:3      | Reached skill level 5 in Fighting
  1914 | D:3      | You fall into a shaft and drop 1 floor!
  1982 | D:4      | Found a glowing drain.
  1986 | Sewer    | Entered a sewer
  2376 | Sewer    | Reached XP level 6. HP: 56/56 MP: 5/5
  2501 | D:4      | Found a blossoming altar of Fedhas.
  2503 | D:4      | Reached XP level 7. HP: 51/63 MP: 4/6
  2507 | D:4      | Reached *** piety under Trog
  2722 | D:4      | Noticed Eustachio
  2751 | D:4      | Killed Eustachio
  3106 | D:5      | Entered Level 5 of the Dungeon
  3172 | D:5      | Reached XP level 8. HP: 72/73 MP: 7/7
  3236 | D:5      | Found Jacutir's General Store.
  3242 | D:5      | Bought a scroll of identify for 24 gold pieces
  3242 | D:5      | Bought a potion of lignification for 36 gold pieces
  3242 | D:5      | Bought a scroll of torment for 114 gold pieces
  3287 | D:5      | Reached skill level 5 in Armour
  3806 | D:5      | Reached skill level 5 in Dodging
  4381 | D:6      | Found a staircase to the Ecumenical Temple.
  4475 | D:6      | Found an ornate altar of the Wu Jian Council.
  4533 | D:6      | Found a sand-covered staircase.
  4540 | Ossuary  | Entered an ossuary
  4913 | Ossuary  | Reached XP level 9. HP: 31/83 MP: 1/8
  5168 | Ossuary  | Reached **** piety under Trog
  6001 | D:7      | Noticed Joseph
  6017 | D:7      | Killed Joseph
  6144 | D:7      | Noticed Maggie
  6159 | D:7      | Killed Maggie
  6231 | D:7      | Found a transporter.
  6237 | D:7      | Noticed an ancient zyme
  6259 | D:7      | Found the +8 demon trident "Rift" {distort, reach+}
  6265 | D:7      | Noticed Dowan
  6265 | D:7      | Noticed Duvessa
  6279 | D:7      | Killed Duvessa
  6280 | D:7      | Reached skill level 10 in Fighting
  6280 | D:7      | Reached skill level 10 in Axes
  6284 | D:7      | Killed Dowan
  6500 | D:7      | Reached skill level 1 in Shields
  6854 | D:7      | Noticed Caterwaul's ghost (novice CoGl)
  6952 | D:7      | Found a transporter.
  6985 | D:8      | Noticed a skeletal warrior
  6985 | D:8      | Found the +5 scythe "Finisher" {speed, execute}
  7016 | D:7      | Killed a skeletal warrior
  7017 | D:7      | Reached XP level 10. HP: 94/94 MP: 7/9
  7182 | D:8      | Reached skill level 1 in Polearms
  7400 | D:8      | Reached skill level 2 in Polearms
  7626 | D:8      | Reached skill level 3 in Polearms
  7632 | D:8      | Reached skill level 4 in Polearms
  7755 | D:8      | Found a hazy altar of Hepliaklqana.
  8030 | D:9      | Reached skill level 5 in Polearms
  8314 | D:9      | Noticed Erolcha
  8322 | D:9      | Killed Erolcha
  8323 | D:9      | Reached skill level 6 in Polearms
  8323 | D:9      | Reached XP level 11. HP: 104/104 MP: 6/10
  8721 | D:9      | Reached skill level 7 in Polearms
  8821 | D:9      | Noticed a deep elf pyromancer
  8821 | D:9      | Noticed a white ugly thing
  8821 | D:9      | Noticed a two-headed ogre
  8984 | D:9      | Killed a two-headed ogre
  9114 | D:9      | Identified the +8 quarterstaff "Bocveho" {freeze, Int+2
                  | Dex+3}
  9145 | D:9      | Reached skill level 8 in Polearms
  9419 | D:9      | Killed a white ugly thing
  9595 | D:9      | Killed a deep elf pyromancer
  9596 | D:9      | Reached skill level 9 in Polearms
  9815 | D:10     | Entered Level 10 of the Dungeon
  9825 | D:9      | Reached skill level 10 in Armour
 10124 | D:10     | Found Xiptoat's Magic Scroll Emporium.
 10139 | D:10     | Bought a scroll of enchant armour for 75 gold pieces
 10139 | D:10     | Bought a scroll of identify for 20 gold pieces
 10139 | D:10     | Bought a scroll of enchant weapon for 75 gold pieces
 10139 | D:10     | Bought a scroll of fog for 40 gold pieces
 10139 | D:10     | Bought a scroll of vulnerability for 40 gold pieces
 10139 | D:10     | Bought a scroll of amnesia for 40 gold pieces
 10139 | D:10     | Bought a scroll of identify for 20 gold pieces
 10139 | D:10     | Bought a scroll of identify for 20 gold pieces
 10139 | D:10     | Bought a scroll of vulnerability for 40 gold pieces
 10139 | D:10     | Bought a scroll of identify for 20 gold pieces
 10139 | D:10     | Bought a scroll of identify for 20 gold pieces
 10139 | D:10     | Bought a scroll of identify for 20 gold pieces
 10144 | D:10     | Identified a scroll of acquirement
 10202 | D:10     | Noticed an orange crystal statue
 10229 | D:10     | Identified the +6 dagger "Daqeg" {vamp, Str+2 Int+3}
 10230 | D:10     | Found Gacous's Weapon Shop.
 10233 | D:10     | Found a staircase to the Orcish Mines.
 10529 | D:10     | Found a glowing golden altar of the Shining One.
 10692 | D:10     | Noticed a rakshasa
 10700 | D:10     | Killed a rakshasa
 10701 | D:10     | Reached XP level 12. HP: 93/111 MP: 9/11
 10733 | D:10     | Reached skill level 10 in Polearms
 10917 | D:10     | Found a sparkling altar of Nemelex Xobeh.
 11082 | D:10     | Found a runed translucent door.
 11085 | D:10     | Noticed Ehen's ghost (novice MiFE)
 11085 | D:10     | Identified the +8 trident of Infection {venom, *Corrode Fly
                  | SInv}
 11345 | Orc:1    | Entered Level 1 of the Orcish Mines
 11661 | Orc:1    | Found a roughly hewn altar of Beogh.
 12192 | Orc:1    | Reached ***** piety under Trog
 12302 | Orc:2    | Entered Level 2 of the Orcish Mines
 12302 | Orc:2    | Noticed a two-headed ogre
 12309 | Orc:2    | Killed a two-headed ogre
 12310 | Orc:2    | Reached skill level 10 in Dodging
 12382 | Orc:2    | Reached skill level 11 in Polearms
 12387 | Orc:2    | Found a dark tunnel.
 12395 | Volcano  | Entered a volcano
 13581 | Orc:2    | Found a staircase to the Elven Halls.
 13587 | Orc:2    | Noticed Nessos
 13849 | Orc:2    | Killed Nessos
 13850 | Orc:2    | Reached skill level 12 in Polearms
 14111 | Orc:2    | Noticed an orc warlord
 14848 | Orc:2    | Killed an orc warlord
 14849 | Orc:2    | Reached XP level 13. HP: 120/123 MP: 12/12
 15626 | Orc:2    | Reached skill level 13 in Polearms
 16195 | Orc:2    | Found Nuxuaf's Weapon Boutique.
 16195 | Orc:2    | Found Vutwuon's General Store.
 16196 | Orc:2    | Found Riqaulel's Book Boutique.
 16196 | Orc:2    | Found Ciquss's Antique Weapon Shop.
 16207 | Orc:2    | Bought a potion of might for 40 gold pieces
 16207 | Orc:2    | Bought a potion of mutation for 80 gold pieces
 16835 | D:7      | Found a one-way gate to the infinite horrors of the Abyss.
 16850 | D:7      | Killed Caterwaul's ghost
 17200 | D:11     | Reached skill level 14 in Polearms
 17817 | D:11     | Noticed Snorg
 17823 | D:11     | Killed Snorg
 17935 | D:11     | Found a staircase to the Lair.
 17953 | D:11     | Noticed Harold
 17964 | D:11     | Killed Harold
 18696 | D:11     | Reached XP level 14. HP: 89/133 MP: 8/13
 18829 | D:11     | Reached skill level 15 in Fighting
 18851 | D:11     | Reached skill level 15 in Polearms
 19236 | D:12     | Noticed Maurice
 19540 | D:12     | Maurice stole the +8 demon trident "Rift" {distort, reach+}
 19544 | D:12     | Killed Maurice
 20789 | D:14     | Received a gift from Trog
 21150 | D:14     | Reached skill level 16 in Polearms
 21210 | D:14     | Noticed Roxanne
 21390 | D:14     | Killed Roxanne
 21754 | D:14     | Found a gate to the Vaults.
 22038 | D:15     | Entered Level 15 of the Dungeon
 22153 | D:15     | Identified the +4 pair of boots of Juesoirr {*Slow rN++
                  | Regen+ Str+3 Stlth+}
 22226 | D:15     | Found a staircase to the Depths.
 22676 | D:15     | Reached XP level 15. HP: 125/144 MP: 10/14
 22680 | D:15     | Reached skill level 17 in Polearms
 23718 | D:10     | Killed Ehen's ghost
 23816 | Lair:1   | Entered Level 1 of the Lair of Beasts
 24648 | Lair:2   | Found a staircase to the Swamp.
 24656 | Lair:2   | Received a gift from Trog
 24903 | Lair:2   | Found a staircase to the Snake Pit.
 25112 | Lair:3   | Noticed Amaemon
 25117 | Lair:3   | Killed Amaemon
 25119 | Lair:3   | Reached skill level 18 in Polearms
 25416 | Lair:3   | Noticed Kirke
 25436 | Lair:3   | Reached skill level 15 in Armour
 25437 | Lair:3   | Killed Kirke
 25832 | Lair:3   | Noticed Josephine
 25834 | Lair:3   | Killed Josephine
 26027 | Lair:4   | Found a staircase to the Slime Pits.
 26041 | Lair:4   | Found a gate leading to a gauntlet.
 26044 | Lair:4   | Found a frozen archway.
 26053 | IceCv    | Entered an ice cave
 26081 | IceCv    | Reached ****** piety under Trog
 26303 | IceCv    | Got the Omnibus of Frostbite
 26380 | Gauntlet | Entered a Gauntlet
 26380 | Gauntlet | Found a transporter.
 26380 | Gauntlet | Found a transporter.
 26387 | Gauntlet | Found a transporter.
 26402 | Gauntlet | Found a transporter.
 26416 | Gauntlet | Found a transporter.
 26429 | Gauntlet | Found a transporter.
 26503 | Gauntlet | Found a transporter.
 26516 | Gauntlet | Found a transporter.
 26530 | Gauntlet | Found a transporter.
 26543 | Gauntlet | Found a transporter.
 26616 | Gauntlet | Found a transporter.
 26626 | Gauntlet | Found a transporter.
 26626 | Gauntlet | Found a transporter.
 26636 | Gauntlet | Found a transporter.
 26636 | Gauntlet | Found a transporter.
 26702 | Gauntlet | Identified the +9 orcbow of Wyrd {antimagic, rPois rC+
                  | Will+ Str+2}
 26789 | Gauntlet | Identified the ring "Mixietif" {rF+ Will+ rCorr}
 26791 | Gauntlet | Identified the ring of Otoit {Wiz ^Drain rF+++ Dex+3
                  | Slay+5}
 26849 | Gauntlet | Identified the +10 plate armour of Impressiveness {Int+5}
 27304 | Lair:4   | Reached XP level 16. HP: 155/155 MP: 15/15
 27897 | Lair:5   | Entered Level 5 of the Lair of Beasts
 27953 | Lair:5   | Reached skill level 19 in Polearms
 28094 | Lair:5   | Received a gift from Trog
 28548 | Lair:5   | Got an earthy gem with 64 turns to spare
 28611 | Lair:5   | Lost the earthy gem through the power of Zot.
 29200 | Snake:1  | Entered Level 1 of the Snake Pit
 29488 | Snake:1  | Found Coar's Distillery.
 29494 | Snake:1  | Bought a potion of lignification for 48 gold pieces
 29494 | Snake:1  | Bought a potion of heal wounds for 80 gold pieces
 29494 | Snake:1  | Bought a potion of mutation for 128 gold pieces
 29494 | Snake:1  | Bought a potion of resistance for 160 gold pieces
 29494 | Snake:1  | Bought a potion of haste for 160 gold pieces
 29494 | Snake:1  | Bought a potion of curing for 48 gold pieces
 30012 | Snake:2  | Received a gift from Trog
 30016 | Snake:2  | Reached skill level 20 in Polearms
 30146 | Snake:2  | Reached skill level 15 in Dodging
 30441 | Snake:2  | Found Owoiddie's Antique Armour Shoppe.
 31286 | Snake:3  | Reached XP level 17. HP: 157/163 MP: 16/16
 31293 | Snake:3  | Found a glowing golden altar of the Shining One.
 31449 | Snake:3  | Received a gift from Trog
 31658 | Snake:4  | Entered Level 4 of the Snake Pit
 31727 | Snake:4  | Slain by a naga warrior

Illustrated notes

Levels and vault maps discovered:
D:1:      dpeg_arrival_pits, layout_basic,
          hellmonk_ecumenical_altar_pennies_from_heaven
D:2:      layout_basic, chequers_jeans
D:3:      layout_basic, minmay_surrounded
D:4:      layout_rooms, fedhas_altar_3, gup_sewer_entry_bowl, uniq_eustachio
D:5:      layout_rooms, serial_shops, shop
D:6:      layout_gridville, mainiacjoe_overflow_six_doors_small,
          minmay_temple_entry_slanted, nicolae_ossuary_entry_monument
D:7:      layout_basic, gammafunk_ghost_abyssal_escape, uniq_duvessa,
          uniq_joseph, uniq_maggie
D:8:      layout_loops_ring, overflow_temple_1_default,
          nicolae_concentric_dashed_squares_wild, dreamdust_mushroom_princess,
          minmay_guarded_unrand_finisher
D:9:      minmay_the_grid_octo_tiled_octocenter [minmay_the_grid_octo_focus,
          minmay_the_grid_octo_clover, minmay_the_grid_octo_tetromino_candy,
          minmay_the_grid_octo_odd_swirl, minmay_the_grid_octo_prize_big_c,
          minmay_the_grid_square_5x5_dogpile, minmay_the_grid_square_5x5_lines,
          minmay_the_grid_square_5x5_v, minmay_the_grid_square_5x5_hourglass],
          layout_irregular_city, the_hattery, uniq_erolcha
D:10:     cheibrodos_barr_body, layout_cave_pools, old_standard_altar,
          kennysheep_little_box, orc_david_3, serial_shops,
          nicolae_stop_n_shop_2, ebering_ghost_funeral_grove, disabler_island
D:11:     cheibrodos_ideogram_h, layout_cave_pods, dpeg_lair_monsters,
          nicolae_twisty_statue_hallways, uniq_snorg, uniq_harold
D:12:     layout_cave_pools, serial_library_hellmonk_octagon, uniq_maurice
D:13:     layout_basic
D:14:     layout_loops_ring, david_vaults_1, uniq_roxanne
D:15:     hellmonk_depths_entry_around_the_bend, layout_cross,
          chequers_serial_rivers_micro_e
Lair:1:   layout_hall_layers
Lair:2:   layout_misc_corridors, skrybe_swamp_entry_bodies,
          nicolae_snake_entry_squirm, grunt_megastairs_4, lemuel_fruit_fields
Lair:3:   layout_cave_pods, uniq_josephine, uniq_kirke, uniq_amaemon
Lair:4:   pond_and_an_island_with_a_cottage, layout_cave_pods,
          nicolae_slime_entry_slimehenge, gauntlet_entry_generic,
          portal_ice_cave_entry_pillars_1, serial_bayou_shore_a
Lair:5:   evilmike_catoblepas_cave, layout_cave_shapes, special_room
          [special_room_mythical_zoo], grunt_megastairs_5
Snake:1:  layout_misc_corridors, serial_bayou_lagoon_a, grunt_ministairs_10,
          serial_bayou_shore_b, minmay_shop_star, serial_bayou_shore_b
Snake:2:  layout_gridlike, serial_shops, shop
Snake:3:  layout_rooms, serial_curves, eino_curves_04, eino_curves_02,
          basic_altar, serial_bayou_shore_b
Snake:4:  snake_pit, layout_misc_corridors
Orc:1:    layout_caves, basic_altar, nicolae_orc_lava_room
Orc:2:    st_orc_pillars, layout_caves, nicolae_volcano_entry_s_turn,
          uniq_nessos

Skill      XL: |  1  2  3  4  5  6  7  8  9 10 11 12 13 14 15 16 |
---------------+-------------------------------------------------+-----
Axes           | 4 5 6 7 9 10 | 10.9
Fighting       | 4 5 6 7 9 10 11 12 13 14 16 17 18 | 18.2
Armour         | 3 4 6 7 8 10 11 12 14 15 16 | 16.6
Dodging        | 3 4 5 6 8 9 10 12 13 14 15 | 15.4
Shields        | 2 |  2.7
Polearms       | 6 9 12 14 16 18 20 | 20.7

Action                     |  1- 3 |  4- 6 |  7- 9 | 10-12 | 13-15 | 16-18 || total
---------------------------+-------+-------+-------+-------+-------+-------++-------
  Melee: Hand axe          |    76 |       |       |       |       |       ||    76
         Headbutt          |    10 |    15 |    59 |    75 |   169 |    74 ||   402
         War axe           |       |   120 |   274 |    14 |       |       ||   408
         Scythe            |       |       |       |   443 |  1019 |   423 ||  1885
         Broad axe         |       |       |       |    11 |       |       ||    11
         Halberd           |       |       |       |       |     6 |       ||     6
 Invoke: Berserk           |     1 |     3 |     9 |    14 |    17 |     1 ||    45
         Trog's Hand       |       |     3 |     5 |     9 |     7 |     1 ||    25
         Brothers in Arms  |       |       |       |     2 |       |       ||     2
  Evoke: Wand              |       |       |       |    19 |       |       ||    19
         Lightning rod     |       |       |       |     7 |       |       ||     7
         Phantom mirror    |       |       |       |     1 |       |       ||     1
    Use: Potion            |       |     1 |     2 |     1 |     1 |       ||     5
         Scroll            |       |       |    10 |    20 |     7 |     2 ||    39
   Stab: Sleeping          |     2 |       |     2 |       |     2 |     4 ||    10
         Distracted        |       |       |       |     2 |     1 |       ||     3
 Armour: Animal skin       |    50 |   126 |    32 |       |       |       ||   208
         Robe              |       |       |   114 |       |    31 |       ||   145
         Leather armour    |       |       |    29 |   344 |   105 |    91 ||   569
         Skin              |       |       |     7 |       |       |       ||     7
         Steam dragon scal |       |       |     4 |       |       |       ||     4
         Plate armour      |       |       |       |       |   510 |   213 ||   723
  Dodge: Dodged            |    43 |   128 |   191 |   331 |   392 |   221 ||  1306
  Block: Buckler           |       |       |     9 |     4 |       |       ||    13

Table legend: (Time is in decaauts)
 A = Elapsed time spent in this place.
 B = Non-inter-level travel time spent in this place.
 C = Inter-level travel time spent in this place.
 D = Time resting spent in this place.
 E = Time spent auto-exploring this place.
 F = Levels seen in this place.
 G = Mean time per level.
                   A        B        C        D        E       F      G
               +--------+--------+--------+--------+--------+-----+--------+
         Total |  31963 |  29900 |   2063 |   5185 |  18313 |  31 | 1031.1 |
       Dungeon |  18330 |  16890 |   1440 |   2719 |  10904 |  15 | 1222.0 |
          Lair |   4072 |   3726 |    346 |    180 |   2826 |   5 |  814.4 |
     Snake Pit |   2457 |   2400 |     57 |    147 |   1825 |   4 |  614.2 |
  Orcish Mines |   3697 |   3478 |    219 |   1259 |   1494 |   2 | 1848.5 |
         Sewer |    583 |    583 |      0 |     42 |    152 |   1 |  583.0 |
       Ossuary |    775 |    775 |      0 |    106 |    512 |   1 |  775.0 |
      Ice Cave |    327 |    327 |      0 |     66 |      0 |   1 |  327.0 |
       Volcano |   1123 |   1123 |      0 |    652 |    250 |   1 | 1123.0 |
      Gauntlet |    595 |    595 |      0 |     10 |    348 |   1 |  595.0 |
               +--------+--------+--------+--------+--------+-----+--------+

Top non-repeatable levels by time:
     D:9: 2241 daAuts
   Orc:1: 2184 daAuts
    D:11: 2094 daAuts
    D:10: 2070 daAuts
    D:15: 1521 daAuts
   Orc:2: 1513 daAuts
    D:14: 1379 daAuts
     D:7: 1340 daAuts
    D:13: 1225 daAuts
 Volcano: 1123 daAuts
     D:8: 994 daAuts
     D:4: 989 daAuts
  Lair:4: 982 daAuts
     D:6: 940 daAuts
     D:3: 923 daAuts
